Map: Prion Terraces

Players

blackxored - Winner!

  • Race: Zerg Zerg

frostmore

  • Race: Protoss Protoss
  • League: Gold

VOD

Have the link to the VOD?

Description

Time

  • Played on: Jan. 20, 2016, 12:03 p.m.
  • Length: 21:00
Show
View Real Time Build Order
Export as new Build Order

blackxored Zerg - Winner!

Build Orders: 3 Hatch before Pool, Lurkers 

Get SALT Encoding   

  12  0:01  Drone  
  13  0:15  Overlord  
  13  0:19  Drone  
  14  0:34  Drone  
  14  0:35  Drone  
  16  0:38  Drone  
  17  0:57  Drone  
  17  0:59  Hatchery  
  17  1:01  Drone  
  18  1:21  Hatchery  
  17  1:26  Drone  
  17  1:31  Extractor  
  17  1:34  Drone  
  17  1:36  Drone  
  19  1:47  Spawning Pool  
  19  1:50  Drone  
  19  2:00  Drone  
  20  2:16  Drone x3  
  23  2:25  Drone x2  
  25  2:35  Queen  
  27  2:37  Queen  
  29  2:48  Zergling x8  
  33  2:51  Metabolic Boost  
  33  2:55  Overlord  
  33  3:08  Drone  
  34  3:17  Queen  
  34  3:19  Overlord  
  36  3:22  Drone x4  
  36  3:23  Drone x2  
  42  3:30  Extractor  
  42  3:31  Drone  
  42  3:32  Roach Warren  
  42  3:33  Drone  
  42  3:40  Extractor  
  41  3:45  Extractor  
  40  3:49  Drone  
  40  3:50  Drone x2  
  40  3:52  Drone x3  
  40  3:53  Extractor  
  45  3:55  Extractor  
  45  3:56  Drone x3  
  45  3:58  Drone x3  
  50  4:03  Overlord  
  50  4:06  Overlord  
  50  4:11  Overlord  
  50  4:12  Overlord  
  50  4:24  Drone  
  50  4:25  Drone x2  
  50  4:26  Drone x2  
  50  4:27  Drone  
  50  4:29  Overlord  
  50  4:30  Roach  
  60  4:31  Roach  
  60  4:42  Roach x4  
  60  4:43  Roach  
  70  4:49  Queen  
  72  4:58  Ravager  
  73  5:00  Ravager  
  73  5:01  Roach x4  
  73  5:03  Overlord  
  82  5:23  Ravager  
  82  5:25  Ravager x2  
  82  5:26  Ravager x5  
  90  5:31  Overlord x3  
  90  5:32  Overlord  
  84  6:09  Roach x19  
  107  6:19  Zergling x6  
  107  6:22  Lair  
  104  6:46  Drone x3  
  104  6:47  Drone x6  
  113  6:51  Ravager x4  
  113  6:52  Ravager  
  118  6:54  Overlord x3  
  118  6:59  Drone x2  
  118  7:00  Evolution Chamber  
  118  7:01  Evolution Chamber  
  109  7:26  Roach x14  
  135  7:31  Zerg Missile Weapons Level 1  
  109  7:53  Roach x8  
  121  8:04  Ravager x5  
  121  8:05  Ravager x4  
  124  8:13  Hydralisk Den  
  124  8:14  Drone x10  
  131  8:21  Zergling x4  
  134  8:41  Zergling x18  
  134  8:43  Overlord x3  
  134  8:45  Lurker Den  
  140  9:05  Hatchery  
  133  9:15  Zergling x32  
  148  9:25  Overseer  
  148  9:33  Zerg Missile Weapons Level 2  
  148  9:39  Zerg Ground Armor Level 1  
  147  9:54  Overseer  
  146  10:48  Hydralisk x2  
  146  10:49  Hydralisk x14  
  174  10:50  Hydralisk  
  158  11:04  Overlord, Roach x7  
  141  11:05  Roach x10  
  154  11:21  Roach x9  
  165  11:41  Drone x9  
  174  11:48  Lurker x2  
  174  11:51  Zerg Ground Armor Level 2  
  176  11:56  Infestation Pit  
  175  12:02  Lurker  
  175  12:03  Overlord x3  
  176  12:20  Overlord x3  
  176  12:21  Queen  
  176  12:22  Lurker, Extractor  
  178  12:23  Hatchery, Lurker x5  
  178  12:24  Lurker x7, Extractor  
  182  12:57  Ravager x3  
  185  12:59  Ravager x2  
  185  13:00  Ravager x5  
  187  13:28  Hive, Spire  
  186  14:03  Overseer  
  186  14:17  Hatchery  
  185  14:18  Spine Crawler  
  185  14:23  Drone  
  185  14:24  Spine Crawler  
  184  14:28  Overseer  
  184  14:41  Drone x2, Extractor  
  184  14:42  Drone x2  
  184  14:43  Extractor  
  184  14:45  Drone x3  
  189  14:59  Greater Spire  
  189  15:01  Drone  
  189  15:03  Ultralisk Cavern  
  189  15:04  Zerg Missile Weapons Level 3  
  189  15:05  Zerg Ground Armor Level 3  
  189  15:08  Evolution Chamber, Drone  
  184  15:56  Chitinous Plating  
  184  15:58  Zerg Melee Weapons Level 1  
  184  16:02  Queen  
  184  16:04  Drone x2  
  188  16:12  Zerg Flyer Weapons Level 1  
  188  16:34  Hydralisk x6  
  129  19:35  Ultralisk  
  129  19:36  Ultralisk x10  
  195  19:42  Drone  
  193  19:49  Ultralisk  
Show
View Real Time Build Order
Export as new Build Order

frostmore Protoss 

Build Orders: Blink Stalkers 

Get SALT Encoding   

  12  0:01  Probe (Chrono Boost)  
  13  0:11  Probe (Chrono Boost)  
  14  0:18  Pylon  
  14  0:22  Probe (Chrono Boost)  
  15  0:36  Probe (Chrono Boost), Gateway  
  16  0:47  Probe (Chrono Boost), Assimilator  
  17  0:55  Assimilator  
  17  0:57  Probe (Chrono Boost)  
  18  1:09  Pylon  
  19  1:11  Probe (Chrono Boost)  
  19  1:21  Probe (Chrono Boost)  
  20  1:28  Cybernetics Core  
  20  1:32  Probe (Chrono Boost)  
  21  1:43  Probe (Chrono Boost)  
  22  1:59  Nexus  
  22  2:06  Mothership Core (Chrono Boost)  
  24  2:08  Warp Gate  
  24  2:15  Adept  
  26  2:24  Probe (Chrono Boost)  
  27  2:30  Pylon  
  27  2:39  Twilight Council  
  27  2:40  Probe (Chrono Boost)  
  28  2:47  Stalker  
  30  2:52  Probe (Chrono Boost)  
  31  3:03  Probe (Chrono Boost)  
  32  3:11  Probe (Chrono Boost)  
  33  3:14  Probe (Chrono Boost)  
  33  3:16  Blink  
  34  3:21  Probe (Chrono Boost)  
  34  3:25  Probe (Chrono Boost)  
  36  3:31  Adept  
  36  3:32  Probe (Chrono Boost)  
  39  3:35  Probe (Chrono Boost)  
  39  3:39  Assimilator  
  40  3:42  Probe (Chrono Boost)  
  40  3:43  Assimilator  
  40  3:47  Pylon  
  41  3:51  Probe (Chrono Boost)  
  41  3:53  Probe (Chrono Boost)  
  43  4:02  Probe (Chrono Boost), Robotics Facility  
  44  4:03  Probe (Chrono Boost)  
  44  4:09  Pylon  
  45  4:12  Probe (Chrono Boost)  
  45  4:15  Pylon  
  46  4:25  Forge  
  46  4:27  Probe (Chrono Boost)  
  47  4:34  Probe (Chrono Boost)  
  47  4:37  Stalker, Probe (Chrono Boost)  
  51  4:44  Probe (Chrono Boost)  
  52  4:58  Observer  
  53  5:06  Gateway  
  53  5:07  Gateway  
  53  5:09  Gateway  
  53  5:10  Gateway  
  53  5:12  Protoss Ground Weapons Level 1 (Chrono Boost)  
  53  5:16  Probe (Chrono Boost)  
  53  5:17  Adept  
  53  5:18  Gateway  
  53  5:19  Warp Prism  
  58  5:23  Pylon  
  58  5:30  Charge (Chrono Boost)  
  58  5:32  Probe  
  59  5:54  Stalker  
  51  6:38  Stalker x3  
  51  6:39  Stalker x3  
  59  6:48  Gateway  
  59  6:50  Immortal  
  59  6:51  Gateway  
  59  6:54  Gateway  
  63  6:56  Gateway  
  63  6:57  Mothership Core, Gateway  
  65  7:01  Stalker  
  65  7:02  Stalker x3  
  69  7:18  Stalker  
  61  7:39  Pylon  
  61  7:40  Pylon  
  61  7:41  Pylon  
  61  7:43  Pylon  
  59  7:58  Immortal (Chrono Boost), Nexus  
  63  8:16  Cybernetics Core  
  63  8:17  Pylon  
  63  8:28  Pylon  
  63  8:30  Pylon  
  63  8:31  Pylon  
  63  8:37  Immortal (Chrono Boost)  
  67  8:46  Zealot x6  
  65  9:12  Stalker  
  65  9:13  Stalker x2  
  65  9:16  Stalker  
  67  9:22  Sentry  
  67  9:23  Sentry  
  63  9:35  Sentry x4  
  63  9:36  Sentry x3  
  77  9:48  Immortal (Chrono Boost)  
  77  9:49  Mothership Core  
  83  9:55  Stalker  
  85  10:23  Pylon  
  85  10:25  Stalker x3, Sentry  
  85  10:26  Sentry, Pylon  
  95  10:43  Stalker x4  
  99  11:02  Stalker  
  99  11:03  Stalker x2  
  69  11:11  Stalker x2  
  51  11:19  Stalker  
  43  11:36  Stalker x3  
  43  11:37  Stalker  
  51  11:52  Immortal (Chrono Boost)  
  55  12:02  Stalker x2  
  55  12:03  Stalker  
  61  12:42  Stalker, Nexus  
  61  12:43  Stalker x3  
  61  12:56  Sentry  
  61  12:57  Sentry x3  
  67  13:04  Stalker  
  51  13:21  Stalker  
  51  13:22  Stalker x2  
  51  13:23  Sentry  
  48  13:36  Stalker  
  50  13:46  Stalker x2  
  54  13:57  Sentry x2  
  58  14:10  Stalker  
  60  14:23  Stalker  
  62  14:39  Stargate  
  62  15:04  Stalker  
  62  15:05  Stalker  
  66  15:35  Void Ray (Chrono Boost)  
  70  15:57  Warp Prism  
  76  16:25  Void Ray (Chrono Boost)  
  76  16:38  Sentry  
  76  16:39  Sentry  
  80  16:58  Zealot  
  56  18:25  Void Ray (Chrono Boost)  
  60  19:13  Void Ray (Chrono Boost)  
  64  20:21  Void Ray (Chrono Boost)  
  68  20:26  Nexus  
Tags
 
Add a new tag
Caveats
  • Supply blocks, unpowered buildings, or Contaminate may cause inaccurate times.
  • Supply counts are checked every 10 seconds.